Selects Luftwaffe Battlegroup
Selects Luftwaffe Pioneer Support
Fallschirmpioneer Squad Paradrop
Construct Infanterie Kompanie
Fallschirmpioneer Squad Paradrop
Fallschirmpioneer Squad Paradrop
Construct Panzergrenadier Kompanie
Selects Stuka Strafing Run
Selects Fallschirmjäger Squad Paradrop
Pak 40 Anti-tank Gun Team
Selects LG40 Recoilless Gun Paradrop
Fallschirmjäger Squad Paradrop
Selects Flak 36 Anti-tank Gun Emplacement
Panzergrenadier Officer Quarters